 Dungeon Crawl Stone Soup version 0.31-a0-851-g7ff8af7976 (webtiles) character file.

Game seed: 15057384288438748825

23 BinkBink the Shooter (level 2, 0/17 HPs)
             Began as a Deep Elf Hunter on Oct 6, 2023.
             Slain by a hobgoblin (2 damage)
             ... led by Robin
             ... on level 2 of the Dungeon.
             The game lasted 00:00:58 (1033 turns).

BinkBink the Shooter (Deep Elf Hunter)              Turns: 1033, Time: 00:00:59

Health: 0/17       AC:  1    Str:  8    XL:     2   Next: 72%
Magic:  4/4        EV: 13    Int: 13    God:
Gold:   81         SH:  0    Dex: 18    Spells: 1/1 levels left

rFire   . . .        a - +0 shortbow
rCold   . . .        (shield currently unavailable)
rNeg    . . .        (no body armour)
rPois   .            (no helmet)
rElec   .            h - +0 cloak
rCorr   .            (no gloves)
SInv    .            (no boots)
Will    .....        (no amulet)
Stlth   ++           (no ring)
HPRegen 0.22/turn    (no ring)
MPRegen 0.09/turn

%: no passive effects
@: no status effects
A: no striking features
a: no special abilities


You were on level 2 of the Dungeon.
You visited 1 branch of the dungeon, and saw 2 of its levels.

You collected 81 gold pieces.

Inventory:

Hand Weapons
 a - a +0 shortbow (weapon)
Armour
 h - a +0 cloak (worn)
Scrolls
 b - a scroll of butterflies
 d - a scroll of fear {unknown}
 e - a scroll of identify {unknown}
 g - a scroll of revelation {unknown}
 i - a scroll of teleportation {unknown}
Potions
 c - 2 potions of curing {unknown}
 f - a potion of attraction {unknown}


   Skills:
 + Level 2.0 Fighting
 * Level 6.1 Ranged Weapons
 - Level 2.4 Dodging
 - Level 1.2 Stealth


You had one spell level left.
You didn't know any spells.
Your spell library was empty.

Dungeon Overview and Level Annotations

Branches:
Dungeon (2/15)

Altars:

Annotations:
D:2 Robin


Message History

The goblin hits you with a +0 club.
You shoot an arrow. The arrow hits the goblin.
The goblin is severely wounded.
The goblin hits you with a +0 club.
You shoot an arrow. The arrow closely misses the goblin.
The arrow closely misses the hobgoblin.
The arrow hits the goblin.
You kill the goblin!
The goblin hits you but does no damage.
You shoot an arrow.
The arrow hits the goblin but does no damage.
The goblin is severely wounded.
The goblin closely misses you.
You shoot an arrow. The arrow barely misses the goblin.
The arrow closely misses the hobgoblin.
The arrow closely misses the goblin.
The arrow barely misses the goblin.
The arrow hits the goblin.
You kill the goblin!
The goblin closely misses you.
You shoot an arrow. The arrow hits the goblin.
You kill the goblin!
You shoot an arrow. The arrow hits the hobgoblin.
The hobgoblin is moderately wounded.
The hobgoblin hits you.
You shoot an arrow. The arrow hits the hobgoblin.
The hobgoblin is severely wounded.
The hobgoblin hits you.
You are too injured to fight recklessly!
You are too injured to fight recklessly!
The hobgoblin attacks as it pursues you!
The hobgoblin closely misses you.
You are too injured to fight recklessly!
You are too injured to fight recklessly!
The hobgoblin attacks as it pursues you!
The hobgoblin hits you.
* * * LOW HITPOINT WARNING * * *
The hobgoblin attacks as it pursues you!
The hobgoblin hits you.
* * * LOW HITPOINT WARNING * * *
The hobgoblin attacks as it pursues you!
The hobgoblin hits you.
You die...

# .#.# # .#.# ###
###...####
###<###########
..........
#.............#
..........
#.#.#########.#
..........
#.#.......###.#
......)...
#.#######.....#
.......... #.#
####### g.........
#@# #gg.###### #g#
#..g## #.# +....#
#g# #.)g.# #.#
#....# #g#
####.###########g#
#..).).g.g....#
###############


You could see 2 hobgoblins and 2 goblins.

Vanquished Creatures
  A dart slug (D:1)
  2 ball pythons (D:1)
  A bat (D:1)
  2 endoplasms
  2 giant cockroaches (D:1)
  A hobgoblin (D:2)
  2 kobolds (D:2)
  6 goblins
17 creatures vanquished.

Notes
Turn   | Place    | Note
-------+----------+-------------------------------------------
     0 | D:1      | BinkBink the Deep Elf Hunter began the quest for the Orb.
     0 | D:1      | Reached XP level 1. HP: 12/12 MP: 3/3
   230 | D:1      | Reached XP level 2. HP: 17/17 MP: 4/4
   986 | D:2      | Noticed Robin
   987 | D:2      | Reached skill level 6 in Ranged Weapons
  1033 | D:2      | Slain by a hobgoblin

Illustrated notes

Levels and vault maps discovered:
D:1:      scummos_arrival_star, layout_basic
D:2:      layout_basic, hellmonk_ecumenical_altar_defaced_shrine, uniq_robin

Skill      XL: |  1  2 |
---------------+-------+-----
Fighting       | 2 |  2.0
Ranged Weapons | 6 |  6.1
Dodging        | |  2.4
Stealth        | |  1.2

Action                     || total
---------------------------++-------
   Fire: Shortbow          ||    44
 Armour: Skin              ||    11
  Dodge: Dodged            ||     7

Table legend: (Time is in decaauts)
 A = Elapsed time spent in this place.
 B = Non-inter-level travel time spent in this place.
 C = Inter-level travel time spent in this place.
 D = Time resting spent in this place.
 E = Time spent auto-exploring this place.
 F = Levels seen in this place.
 G = Mean time per level.
                   A        B        C        D        E       F      G
               +--------+--------+--------+--------+--------+-----+--------+
         Total |   1037 |   1001 |     36 |      0 |    852 |   2 |  518.5 |
       Dungeon |   1037 |   1001 |     36 |      0 |    852 |   2 |  518.5 |
               +--------+--------+--------+--------+--------+-----+--------+

Top non-repeatable levels by time:
     D:1: 844 daAuts
     D:2: 192 daAuts
